Map: Kairos Junction LE

Players

Nastya

  • Race: Protoss Protoss
  • League: Grandmaster
  • Spawn Location: 5:00

Lambo - Winner!

  • Race: Zerg Zerg
  • League: Grandmaster
  • Spawn Location: 11:00

VOD

Have the link to the VOD?

Description

Time

  • Played on: Dec. 1, 2018, 11:35 a.m.
  • Length: 9:05
Show
View Real Time Build Order
Export as new Build Order

Nastya Protoss 

Build Orders: 1 Gate Expand, Archon Immortal 

Get SALT Encoding   

  12  0:01  Probe  
  13  0:13  Probe  
  14  0:19  Pylon  
  14  0:25  Probe  
  15  0:34  Probe  
  15  0:35  Assimilator  
  16  0:43  Probe  
  16  0:44  Gateway  
  17  0:53  Probe  
  18  1:05  Probe  
  19  1:17  Probe  
  20  1:26  Nexus  
  20  1:36  Cybernetics Core  
  20  1:39  Probe  
  21  1:46  Assimilator  
  21  1:51  Probe  
  22  1:54  Pylon  
  22  2:03  Probe  
  22  2:05  Sentry  
  23  2:14  Warp Gate  
  23  2:15  Probe  
  26  2:21  Stalker  
  26  2:27  Probe  
  27  2:35  Probe  
  29  2:37  Robotics Facility  
  29  2:39  Probe  
  29  2:43  Probe  
  31  2:45  Shield Battery  
  32  2:51  Probe  
  32  2:53  Probe  
  32  2:55  Sentry  
  36  3:00  Pylon  
  36  3:03  Probe  
  37  3:10  Probe  
  38  3:14  Immortal  
  38  3:15  Probe  
  39  3:22  Probe  
  44  3:28  Probe  
  44  3:34  Probe  
  46  3:40  Probe  
  47  3:46  Probe  
  47  3:48  Observer  
  48  3:51  Nexus  
  48  3:52  Probe  
  48  3:53  Pylon  
  50  3:58  Probe  
  50  4:02  Immortal  
  51  4:04  Probe  
  52  4:10  Probe  
  52  4:13  Pylon  
  52  4:16  Probe  
  58  4:21  Twilight Council  
  58  4:22  Probe  
  59  4:24  Forge  
  59  4:28  Probe, Assimilator  
  59  4:29  Protoss Ground Weapons Level 1  
  60  4:31  Assimilator  
  60  4:34  Probe  
  61  4:40  Probe, Pylon  
  61  4:41  Shield Battery  
  61  4:45  Immortal  
  62  4:46  Probe  
  62  4:52  Probe  
  68  4:57  Charge  
  68  4:58  Probe  
  68  4:59  Probe  
  69  5:02  Assimilator  
  69  5:03  Assimilator  
  69  5:04  Probe  
  71  5:07  Probe  
  71  5:10  Probe  
  73  5:15  Gateway  
  73  5:17  Probe x2  
  75  5:23  Probe  
  75  5:24  Pylon  
  76  5:29  Probe x2, Immortal  
  76  5:35  Probe  
  83  5:36  Templar Archives  
  83  5:41  Probe  
  83  5:42  Probe  
  85  5:48  Gateway  
  85  5:50  Gateway  
  85  5:52  Gateway  
  85  5:55  Immortal, Gateway  
  85  5:59  Probe  
  85  6:01  Probe x2  
  88  6:05  Psionic Storm  
  93  6:11  Probe, Protoss Ground Weapons Level 2  
  93  6:14  Pylon  
  93  6:21  Robotics Facility  
  93  6:31  Immortal  
  93  6:32  High Templar x2  
  101  6:45  Gateway  
  101  6:48  High Templar x2  
  101  6:50  Gateway  
  105  7:01  Gateway  
  105  7:02  Gateway  
  105  7:06  Stalker x2, Gateway  
  105  7:07  Gateway  
  109  7:10  Archon  
  109  7:11  Archon  
  109  7:18  Probe x3  
  109  7:31  Pylon  
  109  7:32  Photon Cannon  
  109  7:33  Pylon, Photon Cannon  
  109  7:34  Pylon  
  109  7:35  Pylon  
  109  7:40  Immortal  
  109  7:46  Photon Cannon  
  109  7:49  High Templar x2  
  117  7:51  High Templar x3  
  117  7:53  Zealot x3  
  117  7:56  Pylon x2  
  129  7:58  Pylon  
  129  8:01  Pylon  
  129  8:04  Warp Prism  
  129  8:07  High Templar x2, Zealot  
  129  8:08  Zealot  
  139  8:14  Archon  
  139  8:17  Probe x2  
  135  8:21  Probe  
  135  8:26  Photon Cannon  
  127  8:29  Probe x2  
  127  8:31  High Templar  
  127  8:32  High Templar, Zealot x4  
  127  8:33  Probe, Zealot  
  142  8:36  Archon  
  140  8:41  Probe  
  140  8:43  Archon x2  
  140  8:46  Probe  
Show
View Real Time Build Order
Export as new Build Order

Lambo Zerg - Winner!

Build Orders: Hatch First 

Get SALT Encoding   

  12  0:00  Drone  
  13  0:13  Overlord  
  13  0:18  Drone  
  14  0:31  Drone  
  14  0:32  Drone  
  16  0:48  Hatchery  
  15  0:52  Drone  
  15  0:55  Drone  
  17  0:59  Drone  
  18  1:09  Extractor  
  17  1:14  Spawning Pool  
  17  1:18  Drone  
  17  1:21  Drone  
  18  1:29  Drone  
  19  1:45  Drone  
  20  1:54  Overlord  
  20  2:00  Queen  
  20  2:01  Queen, Zergling x2  
  24  2:04  Zergling x2  
  26  2:11  Drone  
  26  2:13  Metabolic Boost  
  27  2:15  Drone  
  30  2:22  Drone x2  
  30  2:33  Drone x2  
  32  2:44  Hatchery  
  32  2:46  Drone  
  32  2:49  Overlord  
  32  2:57  Queen  
  34  3:01  Drone x2  
  36  3:09  Drone x2  
  38  3:13  Drone x2  
  38  3:14  Drone  
  38  3:15  Overlord  
  38  3:17  Drone  
  42  3:21  Drone  
  42  3:26  Drone  
  44  3:32  Queen  
  44  3:34  Drone x3  
  49  3:43  Drone x3  
  49  3:45  Evolution Chamber  
  51  3:49  Drone  
  51  3:53  Roach Warren  
  51  3:54  Overlord  
  51  3:55  Drone  
  52  3:59  Extractor, Drone x2  
  52  4:01  Extractor  
  52  4:05  Drone  
  52  4:06  Drone x2, Overlord  
  52  4:07  Drone  
  56  4:12  Zerg Melee Weapons Level 1  
  56  4:14  Drone  
  57  4:17  Drone  
  58  4:25  Drone  
  58  4:26  Drone x2  
  58  4:27  Drone x2  
  58  4:28  Drone  
  58  4:29  Drone  
  65  4:35  Extractor, Drone  
  65  4:37  Lair  
  65  4:38  Drone  
  66  4:39  Pneumatized Carapace  
  66  4:43  Baneling Nest, Drone  
  66  4:51  Overlord  
  66  4:55  Hatchery, Overlord  
  66  4:57  Drone  
  66  4:59  Overlord  
  66  5:02  Extractor  
  66  5:06  Drone  
  66  5:10  Zergling x2, Overlord  
  66  5:11  Drone  
  66  5:12  Drone  
  66  5:13  Drone x2  
  70  5:15  Drone  
  70  5:16  Drone x2  
  75  5:21  Roach x3, Zergling x2  
  75  5:22  Roach, Zergling x2  
  83  5:30  Overlord  
  83  5:34  Zergling x4  
  84  5:36  Centrifical Hooks  
  84  5:38  Overseer  
  84  5:40  Zergling x2  
  84  5:41  Zergling x2  
  86  5:45  Drone x6  
  92  5:53  Drone  
  92  5:54  Zergling x4  
  92  5:55  Zergling x8  
  99  5:57  Infestation Pit  
  99  6:02  Drone x2  
  100  6:05  Baneling  
  100  6:06  Baneling x3  
  100  6:08  Baneling x4  
  100  6:11  Zerg Melee Weapons Level 2  
  100  6:12  Queen, Drone x4  
  100  6:14  Drone  
  100  6:16  Extractor  
  106  6:19  Drone x3  
  109  6:28  Overlord  
  109  6:29  Overlord x2  
  109  6:30  Overlord  
  109  6:31  Zergling x4  
  109  6:32  Hatchery  
  110  6:34  Zergling x2  
  111  6:43  Overseer  
  111  6:47  Zergling x16  
  119  6:53  Hive  
  119  6:55  Extractor, Spire  
  119  6:57  Zergling x20  
  127  7:04  Drone x3  
  129  7:20  Drone  
  129  7:21  Drone x2  
  129  7:22  Drone x3  
  133  7:24  Zergling x6  
  133  7:26  Baneling x4  
  133  7:27  Overlord  
  133  7:29  Overlord  
  136  7:30  Overlord  
  136  7:31  Overlord x2  
  136  7:32  Overlord  
  136  7:33  Overlord  
  136  7:36  Baneling x10  
  136  7:37  Baneling x4  
  136  7:48  Ravager x3, Baneling x13  
  136  7:49  Ravager  
  136  7:50  Zergling x26  
  153  7:53  Zergling x6  
  153  7:54  Baneling  
  153  7:55  Baneling x8  
  156  7:58  Zergling x2  
  156  8:03  Zergling x6  
  160  8:12  Zergling x22  
  164  8:23  Zergling x10  
  164  8:25  Baneling x7  
  164  8:26  Zergling x2  
  168  8:29  Zergling x2  
  168  8:31  Zergling x4  
  170  8:34  Zergling x14  
  170  8:38  Zergling x2  
  167  8:45  Zergling x4  
  167  8:46  Zergling x4  
Tags
 
Add a new tag
Caveats
  • Supply blocks, unpowered buildings, or Contaminate may cause inaccurate times.
  • Supply counts are checked every 10 seconds.